AoeStats
← Nick_618

Arena

510365275Analyzed
4v4 RM · 1d ago on Sep 30, 2026· 27m 22s· 8 players
Game mode
Random Map
Map size
Large (8 player)
Population
200
Speed
Normal
Resources
Standard
Victory
Conquest
Starting age
Dark Age
Ending age
Imperial Age
RankedLock teamsTeams togetherTeam positionsShared explorationLock speedFull tech treeHidden civsTurbo modeCheats
Victory
Defeat
🇨🇴 Poles · Colombia
1134
+14
🇺🇸 Bohemians · United States
1100
+15
🇲🇽 Celts · Mexico
1094
+15
🇮🇪 Ethiopians · Ireland
1032
+18
🇮🇱 Celts · Israel
1101
-16
🇬🇧 Italians · United Kingdom
1092
-16
🇳🇱 Varangians · Netherlands
1085
-16
🇳🇱 Bohemians · Netherlands
1046
-14
tiedchardshark
11:02 Feudal Age
11:24 Loom
14:52 Castle Age
12:53 Double-Bit Axe
26:28 Bloodlines
26:19 Husbandry
27:07 Forging
Nick_618
11:41 Feudal Age
12:37 Horse Collar
15:40 Castle Age
16:09 Double-Bit Axe
17:48 Bow Saw
20:21 Heavy Plow
22:26 Wheelbarrow
24:43 Gold Mining
25:25 Loom
JW073
11:56 Feudal Age
13:37 Horse Collar
16:56 Castle Age
15:17 Double-Bit Axe
18:43 Wheelbarrow
18:20 Bow Saw
18:15 Heavy Plow
hyperxrev
11:04 Feudal Age
19:58 Man-at-Arms
20:23 Arson
[VL]_EoMeR_
11:12 Feudal Age
15:15 Castle Age
13:23 Horse Collar
13:29 Double-Bit Axe
13:18 Man-at-Arms
20:16 Forging
24:57 Fervor
Dinutuximab
10:54 Feudal Age
14:56 Castle Age
12:47 Double-Bit Axe
13:15 Horse Collar
16:40 Heavy Plow
22:26 Bow Saw
23:03 Wheelbarrow
25:37 Hand Cart
25:08 Loom
24:57 Pikeman
25:39 Squires
26:09 Scale Mail Armor
26:19 Forging
28:59 Chemistry
Maxirod
5:47 Loom
9:39 Feudal Age
11:10 Man-at-Arms
11:58 Double-Bit Axe
11:57 Horse Collar
13:02 Town Watch
17:39 Wheelbarrow
21:37 Castle Age
20:40 Fletching
21:28 Stone Mining
25:16 Squires
25:02 Arson
26:08 Stone Shaft Mining
25:28 Gold Mining
q721372930
5:08 Loom
13:10 Feudal Age
16:53 Castle Age
14:42 Double-Bit Axe
14:41 Horse Collar
16:21 Stone Mining
20:37 Bow Saw
20:58 Heavy Plow
Connection lost

Rejoining the realm…

Still unreachable

The connection could not be restored.

Session expired

The server has moved on; the page needs a fresh start.